[Event "CCT Chesscom Classic-D1 2024"]
[Site "Online"]
[Date "2024.05.10"]
[Round "1"]
[White "Carlsen, Magnus"]
[Black "Ivic, Velimir"]
[Result "1/2-1/2"]
[ECO "B53"]
[WhiteElo "2830"]
[BlackElo "2596"]
[Annotator "TA"]
[PlyCount "57"]
[EventDate "2024.05.08"]
[EventType "k.o."]
[EventCountry "NET"]
[SourceTitle "playchess.com"]
[Source "ChessBase"]
[SourceQuality "1"]
[TimeControl "600+2"]

1. e4 c5 2. Nf3 d6 3. Nc3 Nf6 4. d4 cxd4 5. Qxd4 Nc6 6. Qe3 g6 7. h3 Bg7 8. Bc4 O-O 9. O-O Nd7 10. Rd1 b6 11. Qf4 Bxc3 12. bxc3 {[%emt 0:00:02] Black must now prevent Qh6.} Nde5 $1 13. Nxe5 Nxe5 14. Bd5 {[%emt 0:00:02] This pair of bishops is nice.} Rb8 15. Qh4 {[%emt 0:00:12] Strongly threatening Bg5.} Be6 {[%emt 0:01:38] [#]} (15... e6 $1 $14 16. Qxd8 (16. Bg5 $2 f6 $17) 16... Rxd8) 16. Bg5 $1 $36 {[%emt 0:00:03][%mdl 2048] White has strong initiative.} Re8 {[%emt 0:00:00] [#]} (16... Bxd5 17. Bxe7 (17. exd5 f6 $15) 17... Qc7 18. Bxf8 (18. Rxd5 Rfe8 $18) 18... Rxf8 19. Rxd5 $18) 17. f4 $1 {[%emt 0:00:02] White is more active.} Nc4 18. Bxe6 fxe6 19. f5 Qc7 (19... exf5 $16 20. exf5 Ne5 21. fxg6 hxg6) 20. fxg6 $18 ({Not} 20. fxe6 Qc8 $11) 20... hxg6 21. Qh6 (21. Rf1 $18 {[%cal Of1f7] has better winning chances. White wants to mate with Rf7!} Ne5 22. Kh2) 21... Ne5 $16 22. Bf4 {[%emt 0:00:04] Bxe5 would kill now.} Qxc3 23. Kh1 (23. Bxe5 $14 Qxe5 24. Qxg6+ Kh8 25. Qh6+ Kg8 26. Rd3 Qxa1+ 27. Kh2 Qe5+ (27... Qxa2 28. Rg3+ Kf7 29. Qg7#) 28. Rg3+ Qxg3+ (28... Kf7 29. Qg6+ Kf8 30. Qg8#) 29. Kxg3) 23... Rf8 $11 {[%emt 0:00:25] The position is equal.} 24. Bxe5 Qxe5 25. Qxg6+ Kh8 26. Qh6+ Kg8 27. Qg6+ Kh8 28. Qh6+ Kg8 29. Qg6+ {[%emt 0:00:00] Weighted Error Value: White=0.10 (very precise) /Black=0.16 (very precise) .  Mistake:       	White=2     	Black=2      Inaccurate:     	---       	Black=1      OK:         	White=10    	Black=8      Best:        	White=1     	Black=2      Strong:       	White=2     	Black=1} 1/2-1/2

[Event "CCT Chesscom Classic-D1 2024"]
[Site "Online"]
[Date "2024.05.10"]
[Round "1"]
[White "Carlsen, Magnus"]
[Black "Ivic, Velimir"]
[Result "1-0"]
[ECO "B92"]
[WhiteElo "2830"]
[BlackElo "2596"]
[Annotator "TA"]
[PlyCount "101"]
[EventDate "2024.05.08"]
[EventType "k.o."]
[EventCountry "NET"]
[SourceTitle "playchess.com"]
[Source "ChessBase"]
[SourceQuality "1"]
[TimeControl "600+2"]

1. e4 c5 2. Nf3 d6 3. d4 cxd4 4. Nxd4 Nf6 5. Nc3 a6 6. Be2 e5 7. Nb3 Be7 8. O-O O-O 9. Re1 Be6 10. Bf3 Nbd7 11. a4 Rc8 {[%emt 0:00:09] The position is equal.} 12. Nd2 Nb6 13. a5 Nc4 14. Nxc4 Rxc4 15. Be3 Qb8 (15... Qc7 $11 {might be stronger.}) 16. Na4 Bd8 17. b3 Rc6 18. Nb6 Bxb6 19. Bxb6 Rc3 20. Re3 Rfc8 21. Rxc3 Rxc3 22. Be3 Qc7 23. Ra2 Qd7 24. Bd2 Rc6 25. c4 Bg4 26. Bxg4 Nxg4 27. f3 Nf6 28. Be3 Qc7 29. Bb6 Qb8 30. Rd2 Nd7 {[%emt 0:00:02] Dodges c5} 31. Be3 Qc7 32. Qa1 Nc5 33. Qc3 h6 34. Rd5 Nd7 35. h3 Nf6 36. Rd3 Nd7 37. Kh2 Kh7 38. Qd2 Kg8 39. Bf2 Kh7 40. Be3 {[%emt 0:00:08] White is more active.} Kg8 $1 41. Kg1 Kh7 42. Kh1 Kg8 43. b4 Rxc4 44. Rxd6 Nf6 45. Bc5 Kh7 (45... Nh5 $16 {was called for.}) 46. Qd3 $18 Rc1+ 47. Kh2 Qc8 (47... Kg8 {keeps fighting.} 48. Qa3 Rf1) 48. Qd2 Rc4 {[%emt 0:00:03] [#]} (48... Rf1 {was necessary.} 49. Qe2 Rc1) 49. Qa2 {[%emt 0:00:02] White is clearly winning.} Ne8 50. Rb6 Rc1 51. Qxf7 {[%emt 0:00:02] Weighted Error Value: White=0.04 (flawless) /Black=0.23 (precise) .  Mistake:       	---       	Black=4      Inaccurate:     	---       	Black=5      OK:         	White=18    	Black=15     Best:        	White=4     	Black=1      Strong:       	---       	Black=1} 1-0

[Event "CCT Chesscom Classic-D1 2024"]
[Site "Online"]
[Date "2024.05.10"]
[Round "1"]
[White "Nepomniachtchi, Ian"]
[Black "Lazavik, Denis"]
[Result "1-0"]
[ECO "C67"]
[WhiteElo "2770"]
[BlackElo "2572"]
[Annotator "TA"]
[PlyCount "153"]
[EventDate "2024.05.08"]
[EventType "k.o."]
[EventCountry "NET"]
[SourceTitle "playchess.com"]
[Source "ChessBase"]
[SourceQuality "1"]
[TimeControl "600+2"]

1. e4 e5 2. Nf3 Nc6 3. Bb5 Nf6 4. O-O Nxe4 5. d4 Nd6 6. Ba4 {[%emt 0:00:00] C67: Ruy Lopez: Berlin Defence: 4 0-0 Nxe4.} exd4 7. c3 Be7 8. cxd4 O-O 9. Nc3 {[%emt 0:00:01] 9.Nc3 was played by the boomers.} Nc4 10. d5 N6e5 11. Bc2 $146 ({Predecessor:} 11. Nxe5 Nxe5 12. f4 Nc4 13. Qd3 Nb6 14. Bc2 f5 15. a4 a5 16. Nb5 d6 17. Ra3 {1-0 Kislinsky,A (2565)-Schreiner,P (2456) Mitropa Cup 32nd 2013 (9.3)}) 11... d6 12. Nd4 Bf6 13. Ne4 c5 14. dxc6 bxc6 15. Nxc6 Nxc6 16. Qd3 Bf5 17. Nxf6+ Qxf6 18. Qxf5 Qxf5 19. Bxf5 Nd4 20. Bg4 Ne5 21. Bd1 Nd3 22. Bd2 Rfe8 23. b3 a5 24. g3 h6 25. h4 Rec8 26. Rb1 Nb4 27. a3 Nbc2 28. a4 Rab8 29. Bxa5 Nxb3 30. Bxc2 Rxc2 31. Rfd1 Rc4 32. Bd2 Rxa4 33. Bf4 Rb7 34. Rxd6 Ra1 35. Rxa1 Nxa1 36. Rc6 Nb3 37. Be3 Rd7 38. Rc4 Nd2 39. Rf4 Nb1 40. Bd4 Nd2 41. Be3 Nb1 42. Bd4 Nd2 43. Kg2 Nb3 44. Be3 Rc7 45. Rf5 Rd7 46. Rf4 Rc7 47. h5 Nc5 48. g4 Ne6 49. Ra4 f6 50. f4 Kf7 51. Kf3 Rd7 52. Ra6 Re7 53. Rb6 Rd7 54. Ke4 Nf8 55. Bc5 Ne6 56. Bd6 Ra7 57. Bb4 Rd7 58. Bd6 Ra7 59. Rb8 Rd7 60. Kd5 Nxf4+ 61. Kc6 Rxd6+ $4 (61... Ra7 $1 $11 {and Black has nothing to worry.}) 62. Kxd6 $18 Nd3 63. Rb7+ Kf8 $2 (63... Kg8 64. Ke7 Nc5) 64. Ra7 (64. Rb3 $142 Ne5 65. Ke6) 64... Ne5 $2 (64... Nf4 $18 65. Ra3 Kf7) 65. Ke6 Kg8 66. Ra4 Kh7 67. Ke7 Nf3 $2 (67... Kg8 $16 68. Ra8+ Kh7) 68. Kf8 Ng5 69. Ra6 Kh8 70. Ra7 Ne6+ 71. Kf7 Nf4 72. Ra4 Nd3 73. Ra8+ Kh7 74. Ra7 Nf4 75. Rd7 Kh8 76. Rd4 Nh3 77. Kg6 1-0

[Event "CCT Chesscom Classic-D1 2024"]
[Site "Online"]
[Date "2024.05.10"]
[Round "1"]
[White "Firouzja, Alireza"]
[Black "Duda, Jan-Krzysztof"]
[Result "0-1"]
[ECO "C65"]
[WhiteElo "2738"]
[BlackElo "2734"]
[Annotator "TA"]
[PlyCount "84"]
[EventDate "2024.05.08"]
[EventType "k.o."]
[EventCountry "NET"]
[SourceTitle "playchess.com"]
[Source "ChessBase"]
[SourceQuality "1"]
[TimeControl "600+2"]

1. e4 e5 2. Nf3 Nc6 3. Bb5 Nf6 4. d3 Bc5 5. c3 d5 6. Nbd2 dxe4 7. dxe4 O-O 8. O-O {[%emt 0:00:01] The position is equal.} a5 9. h3 Qe7 10. Qc2 Nb8 11. a4 Nbd7 12. Re1 Re8 13. Nf1 c6 14. Be2 Nh5 15. Bg5 Ndf6 16. Rad1 h6 17. Bc1 Qc7 18. Ne3 Nf4 19. Bf1 Be6 20. Nc4 Ng6 21. Bd2 b5 22. Ne3 (22. Be3 $1 $11) 22... bxa4 $15 {[%emt 0:00:45] aiming for ...Bb3. Black is much more active.} 23. Qxa4 Rab8 (23... Reb8 $15 24. Nc4 Bxc4 25. Qxc4 Qa7) 24. b4 $11 Bb6 25. Nc4 {[%emt 0:00:35] White wants to play Nxb6.} Bxc4 26. Bxc4 Ra8 27. Qc2 Ra7 28. g3 Kh7 29. Kg2 Nf8 {[%emt 0:00:14] [#]} 30. Nxe5 $1 Rxe5 (30... Qxe5 $2 31. Bf4 Qh5 32. e5+ Kh8 (32... Qg6 $2 33. Bd3 $18) 33. exf6 Rxe1 34. Rxe1 gxf6 35. Qe4 $18) (30... Bxf2 31. Bf4) 31. f4 Nh5 32. fxe5 Qxe5 {[%emt 0:00:00] [#]} 33. Qd3 ({White must play} 33. Bf4 $1 $16 Nxf4+ 34. gxf4 Qxf4 35. Rf1 Qg5+ 36. Kh1) 33... Ng6 {[%emt 0:01:26][%cal Oa7d7] Hoping for ...Rd7!} 34. Qf3 axb4 35. cxb4 {[%emt 0:00:12][%cal Od2c3] Strongly threatening Bc3!} (35. Bxf7 Rxf7 36. Bf4 Nhxf4+ (36... Qxc3 $2 37. Qxh5 Rxf4 38. Re2 $19) (36... Ngxf4+ $2 37. Kh1 $19) 37. gxf4 Rxf4 38. Qg3 Nh4+ (38... Rxe4 $2 39. Qxe5 Rxe5 40. Rxe5 $19) (38... Rxe4 $2 39. Qxe5 Rxe5 40. Rxe5 $19)) 35... Bc7 {[%emt 0:00:10][%cal Og6h4] ...Nh4+! would now be deadly. Some like it hot} 36. Re3 {[%emt 0:00:21][%cal Od2c1] Threatens to win with Bc1!} (36. Bxf7 $2 Nh4+ (36... Qxg3+ $2 37. Qxg3 Bxg3 38. Bxg6+ Kxg6 39. Re2 $18) 37. Kf1 Nxf3 $19) 36... Nxg3 $1 37. Qxg3 Qd4 $36 {[%emt 0:00:01][%mdl 2048] Black has some pressure.} 38. Qf2 ({Better is} 38. Qg4 $15 Qxc4 39. Rc3 Qxb4 (39... Nf4+ 40. Kh1 $14) 40. Rf3) 38... Qxc4 $17 39. Rf3 (39. Kh1 {is a better defense.}) 39... Qxe4 $1 $19 {[%emt 0:00:05] White must now prevent ...Nh4+.} 40. Kg1 $2 {[%emt 0:00:02] [#]} (40. Kf1 {was forced.} Nh4 41. Re3 Qc4+ (41... Qh1+ 42. Ke2 $11) 42. Ke1) 40... Bb6 $1 41. Be3 Ra2 (41... Nh4 42. Rg3 $19) 42. Qg3 (42. Qxa2 $19 Qxf3 43. Bxb6 Qxd1+ 44. Kf2) 42... Nh4 {[%emt 0:00:06] Weighted Error Value: White=0.42/Black=0.07 (flawless) .  Mistake:       	White=6     	Black=1      Inaccurate:     	White=1     	Black=2      OK:         	White=7     	Black=13     Best:        	White=2     	Black=5      Strong:       	---       	Black=2      Brilliant:      	---       	Black=1} (42... Qxb4 43. Bxb6 Qxb6+ 44. Kh1 $11) 0-1

[Event "CCT Chesscom Classic-D1 2024"]
[Site "Online"]
[Date "2024.05.10"]
[Round "1"]
[White "Firouzja, Alireza"]
[Black "Duda, Jan-Krzysztof"]
[Result "1/2-1/2"]
[ECO "C43"]
[WhiteElo "2738"]
[BlackElo "2734"]
[Annotator "ChessBase"]
[PlyCount "169"]
[EventDate "2024.05.08"]
[EventType "k.o."]
[EventCountry "NET"]
[SourceTitle "playchess.com"]
[Source "ChessBase"]
[SourceQuality "1"]
[TimeControl "600+2"]

1. e4 e5 2. Nf3 Nf6 3. d4 Nxe4 4. Bd3 d5 5. dxe5 Nc5 6. Be2 Be7 7. O-O O-O 8. Re1 c6 9. Nbd2 Nbd7 10. Nb3 f6 11. exf6 Nxf6 12. Be3 Nce4 13. h3 a5 14. c3 a4 15. Nbd2 a3 16. Qc1 axb2 17. Qxb2 b5 18. Nd4 Qd6 19. Bf3 Bd7 20. N4b3 Qa3 21. Qc2 Ra4 22. Bd4 Bf5 23. Qd1 Nxd2 24. Qxd2 Ne4 25. Bxe4 dxe4 26. Qe3 Rf7 27. Rad1 Qxa2 28. c4 bxc4 29. Nc5 Ra3 30. Qf4 c3 31. Nxe4 c2 32. Rc1 Qd5 33. Ng3 Bxh3 34. Qe4 Qxe4 35. Rxe4 Rxg3 36. fxg3 Bf5 37. Re2 c5 38. Bf2 Bf8 39. g4 Bg6 40. Rexc2 Bxc2 41. Rxc2 Rc7 42. Kf1 c4 43. Ke2 Kf7 44. Kf3 Be7 45. Ke4 Kg6 46. Bg3 Rc8 47. Bf4 Bf6 48. g3 h6 49. Kd5 c3 50. Ke4 Kf7 51. Kd3 Ke6 52. Ra2 Rd8+ 53. Kc2 Kd5 54. g5 hxg5 55. Bxg5 Rc8 56. Ra6 Bd4 57. Bf4 Rc4 58. Kd3 Rb4 59. Rd6+ Kc5 60. Rd8 Ra4 61. Rc8+ Kb5 62. Rb8+ Kc6 63. Rc8+ Kd7 64. Rc7+ Ke6 65. Rc8 Bf6 66. Rc5 Rd4+ 67. Kc2 Re4 68. Kd3 Re1 69. g4 Rd1+ 70. Ke2 Rd4 71. Kf3 Rd3+ 72. Ke4 Rd4+ 73. Kf3 Ra4 74. Be3 Ra3 75. Ke4 Ra4+ 76. Kf3 Be5 77. Rc6+ Kd5 78. Rc5+ Kd6 79. Rc8 Ra2 80. Ke4 Ra4+ 81. Kf3 Kd7 82. Rc5 Ke6 83. Rc6+ Ke7 84. Rc5 Kd6 85. Rc8 1/2-1/2

[Event "CCT Chesscom Classic-D1 2024"]
[Site "Online"]
[Date "2024.05.10"]
[Round "1"]
[White "Duda, Jan-Krzysztof"]
[Black "Firouzja, Alireza"]
[Result "0-1"]
[ECO "A80"]
[WhiteElo "2734"]
[BlackElo "2738"]
[Annotator "TA"]
[PlyCount "60"]
[EventDate "2024.05.08"]
[EventType "k.o."]
[EventCountry "NET"]
[SourceTitle "playchess.com"]
[Source "ChessBase"]
[SourceQuality "1"]
[TimeControl "600+2"]

1. d4 f5 2. Nc3 Nf6 3. Bg5 d5 4. e3 e6 5. Nf3 Nbd7 6. Bd3 h6 7. Bh4 a6 8. Ne2 {[%emt 0:00:22] White is slightly better.} g5 {[%emt 0:00:11] Against Nf4} 9. Bg3 Nh5 10. c4 {[%emt 0:00:19] aiming for cxd5.} Nxg3 11. hxg3 {[%emt 0:00:04] Threatens to win with cxd5.} c6 12. cxd5 (12. Qc2 $14) 12... cxd5 $11 13. Rc1 Bd6 14. a3 Kf7 15. Qd2 Kg7 16. Qc3 Nf6 {[%emt 0:01:15] Prevents g4.} 17. Ne5 Bd7 18. Qd2 Be8 19. f3 Qb8 20. Kf2 Bxe5 21. dxe5 Qxe5 22. Qb4 {[%emt 0:00:01] Inhibits Qd6.} Bf7 23. Nd4 Rac8 24. Rc3 (24. Qxb7 $2 f4 (24... Rb8 25. Qc7 $14) 25. gxf4 (25. Rxc8 $2 Qxe3+ 26. Kf1 Qxd3+ 27. Ne2 Rxc8 $19) 25... gxf4 26. Nxe6+ (26. Rxc8 Qxe3+ 27. Kf1 Rxc8 $19) 26... Qxe6 $19) 24... a5 {[%emt 0:00:23] Really sharp!} 25. Qxa5 {[%emt 0:00:09] [#]} (25. Qxb7 $11 {keeps the balance.} Rxc3 (25... Rb8 26. Qa7 $14) 26. bxc3) 25... f4 $1 $17 26. gxf4 gxf4 27. Nc2 fxe3+ 28. Nxe3 {[%emt 0:00:00] [#]} Rxc3 (28... b6 $1 $17 29. Qb5 (29. Qxb6 $2 {is the wrong capture.} d4 $19) 29... Rxc3 30. bxc3 Qxc3) 29. Qxc3 (29. bxc3 $11 Rc8 30. Rc1) 29... d4 $19 30. Nc4 (30. Qd2 $142 dxe3+ 31. Qxe3 Qxb2+ 32. Be2) 30... Ng4+ {[%emt 0:00:04] Weighted Error Value: White=0.73/Black=0.13 (very precise) .  Loses game:     	White=1     	---        Mistake:       	White=3     	Black=1      Inaccurate:     	White=3     	Black=3      OK:         	White=10    	Black=7      Best:        	---       	Black=3      Strong:       	---       	Black=1} ({Weaker is} 30... dxc3 31. Nxe5 cxb2 32. Rb1 $14) 0-1

[Event "CCT Chesscom Classic-D1 2024"]
[Site "Online"]
[Date "2024.05.10"]
[Round "1"]
[White "Duda, Jan-Krzysztof"]
[Black "Firouzja, Alireza"]
[Result "1-0"]
[ECO "C23"]
[WhiteElo "2734"]
[BlackElo "2738"]
[Annotator "ChessBase"]
[PlyCount "85"]
[EventDate "2024.05.08"]
[EventType "k.o."]
[EventCountry "NET"]
[SourceTitle "playchess.com"]
[Source "ChessBase"]
[SourceQuality "1"]
[TimeControl "600+2"]

1. e4 e5 2. Bc4 Nf6 3. Qf3 Nc6 4. Ne2 Be7 5. Nbc3 O-O 6. d3 Nd4 7. Nxd4 exd4 8. Nd5 Nxd5 9. Bxd5 c6 10. Bb3 a5 11. a4 d6 12. O-O Be6 13. Bxe6 fxe6 14. Qh3 e5 15. f4 exf4 16. Qe6+ Kh8 17. Bxf4 Rf6 18. Qb3 Qd7 19. Bd2 h6 20. Qc4 c5 21. Rxf6 Bxf6 22. Rf1 Kh7 23. Qd5 Re8 24. Rxf6 gxf6 25. Qh5 Re5 26. Qxh6+ Kg8 27. Qxf6 Qg4 28. Qf1 Rh5 29. Bf4 Qe6 30. Qf3 Rh7 31. b3 Rf7 32. h3 Qf6 33. Qg4+ Kf8 34. g3 b6 35. Kg2 Rg7 36. Qf5 Rf7 37. Qd5 Rd7 38. h4 Kg7 39. h5 Qf7 40. Qg5+ Kh7 41. Qh6+ Kg8 42. Bxd6 Qh7 43. Qf8# 1-0

[Event "CCT Chesscom Classic-D1 2024"]
[Site "Online"]
[Date "2024.05.10"]
[Round "1"]
[White "Keymer, Vincent"]
[Black "Sarana, Alexey"]
[Result "1-0"]
[ECO "E51"]
[WhiteElo "2726"]
[BlackElo "2706"]
[Annotator "ChessBase"]
[PlyCount "147"]
[EventDate "2024.05.08"]
[EventType "k.o."]
[EventCountry "NET"]
[SourceTitle "playchess.com"]
[Source "ChessBase"]
[SourceQuality "1"]
[TimeControl "600+2"]

1. d4 Nf6 2. c4 e6 3. Nc3 Bb4 4. e3 O-O 5. Bd2 d5 6. Nf3 Nbd7 7. Rc1 c6 8. Bd3 Qe7 9. Qc2 dxc4 10. Bxc4 e5 11. a3 Bd6 12. Ba2 exd4 13. Nxd4 Nc5 14. f3 Be5 15. Nce2 Bd6 16. O-O g6 17. e4 Nh5 18. g4 Qh4 19. Rf2 Ng7 20. e5 Be7 21. Nf4 Nce6 22. Ndxe6 Bxe6 23. Bxe6 fxe6 24. Qb3 Bg5 25. Ng2 Qh6 26. f4 Be7 27. Rf3 Rad8 28. Ba5 Rd5 29. Rh3 Qxh3 30. Qxh3 Rxa5 31. Rd1 Rb5 32. Qc3 Rc5 33. Qb3 Rb5 34. Qc2 g5 35. Rd7 Rf7 36. Qd2 gxf4 37. Nxf4 Rxe5 38. h3 Re4 39. Nd3 Bg5 40. Qg2 Rxd7 41. Qxe4 Bf6 42. Kg2 Rd4 43. Qe2 b6 44. Nf2 Rd5 45. Ne4 Be7 46. Qf3 h5 47. Qf4 hxg4 48. hxg4 Rd4 49. Qe5 c5 50. Kf3 Kf7 51. Qc7 Rd3+ 52. Ke2 Rd4 53. Ke3 Ne8 54. Qxa7 b5 55. Nxc5 Rxg4 56. Ne4 Nf6 57. Nd6+ Kf8 58. Nxb5 Rg5 59. Qb8+ Kg7 60. Kd3 Rd5+ 61. Kc2 Ne4 62. Qb7 Kf7 63. Kb1 Nc5 64. Qc6 Nd3 65. Nc3 Rd4 66. Qf3+ Ke8 67. Qe3 Rd6 68. Nb5 Rd7 69. Qxe6 Nc5 70. Qc6 Bf8 71. Ka2 Kd8 72. b4 Nd3 73. Kb3 Ne5 74. Qf6+ 1-0

[Event "CCT Chesscom Classic-D1 2024"]
[Site "Online"]
[Date "2024.05.10"]
[Round "1"]
[White "Keymer, Vincent"]
[Black "Sarana, Alexey"]
[Result "1/2-1/2"]
[ECO "D37"]
[WhiteElo "2726"]
[BlackElo "2706"]
[Annotator "TA"]
[PlyCount "105"]
[EventDate "2024.05.08"]
[EventType "k.o."]
[EventCountry "NET"]
[SourceTitle "playchess.com"]
[Source "ChessBase"]
[SourceQuality "1"]
[TimeControl "600+2"]

1. d4 Nf6 2. c4 e6 3. Nf3 d5 4. Nc3 Nbd7 5. Bf4 Bb4 6. e3 c5 7. Rc1 Qa5 8. Qb3 dxc4 {[%emt 0:00:31] The position is equal.} 9. Bxc4 b5 10. Be2 (10. Bxb5 $2 Qxb5 11. Nd2 Qd3 $19) (10. Bxe6 $5 c4 11. Bxd7+ Bxd7 12. Qc2 $11) 10... c4 11. Qc2 Bb7 {[%emt 0:00:09][%cal Ob7e4] Repels e4} 12. O-O O-O 13. Ne5 Nb6 14. Bg3 Rac8 15. Bh4 (15. Bf3 {simplifies} Bxf3 16. Nxf3 Rfe8 17. e4) 15... Nfd5 16. Nxd5 Nxd5 17. a3 Bd6 18. Bg3 {[%emt 0:00:00][%cal Re5c4] Hoping for Nxc4!} Rfd8 19. Bh5 (19. Nxf7 Kxf7 20. Qxh7 Nf6 21. Bh5+ Nxh5 22. Qxh5+ Ke7 (22... Kg8 23. Bxd6 Rxd6 24. Rxc4 $17)) 19... g6 (19... Rc7 {with more complications.} 20. Rfd1 Qb6 21. Bxf7+ Rxf7 22. Nxf7 Kxf7 23. Bxd6 Rxd6 24. Qxh7 Nf6) 20. Bf3 Qc7 21. Ng4 Bxg3 22. hxg3 Kg7 23. e4 Nf6 (23... h5 $1 $15 24. Nh2 Nf6) 24. Nxf6 $14 Kxf6 25. Qc3 Kg7 26. d5+ e5 (26... f6 $11 {keeps the balance.}) 27. Bg4 Rb8 28. f4 Re8 29. Rf2 Re7 (29... Kg8 $14) 30. Rcf1 $16 {[%emt 0:00:30] fxe5 is the strong threat.} Rf8 31. fxe5 ({Better is} 31. Kh2 $18 {And now fxe5 would win.} Kg8 32. f5) 31... Qxe5 32. d6 $1 $36 {[%emt 0:00:02][%mdl 2048] Keeping Black busy. Chess con chili.} Qxc3 33. bxc3 Rxe4 (33... Re5 $16) 34. Bf3 $18 f5 35. Rb2 a6 36. a4 (36. Bxe4 Bxe4 37. g4 Rd8 $14) 36... Rd8 37. axb5 Rxd6 38. bxa6 Bxa6 39. Bxe4 fxe4 {[%emt 0:00:01][%mdl 4096] Endgame. KRR-KRB} 40. Rb8 e3 41. Ra1 Re6 (41... e2 $2 42. Re1 $18) (41... Kh6 $142 42. Rab1 (42. Re8 Bb7 $18) 42... Rd7) 42. Kf1 h5 43. Ke2 Kh6 44. Ra5 Kg7 45. Ra8 Bb7 46. R5a7 Re7 {[%emt 0:00:02] [#]} 47. Rc8 $2 (47. Rb8 Bf3+ 48. gxf3 (48. Kxf3 Rxa7 49. Kxe3 Rd7 $11) 48... Rxa7 $11) (47. Ke1 $1 $18 {Black must now prevent Rb8.} Rf7 48. Rd8 (48. Re8 Bxg2 49. Rxf7+ Kxf7 $16)) 47... Bf3+ $11 48. gxf3 (48. Kxf3 Rxa7 49. Kxe3 Re7+ 50. Kf4 Rf7+ 51. Ke3 Re7+ 52. Kf4 Rf7+ 53. Ke3 Re7+) 48... Rxa7 49. Rxc4 ({But not} 49. Kxe3 $6 Ra4 $16) 49... Re7 50. Re4 Rc7 51. c4 (51. Kxe3 Rxc3+ 52. Kf2 Ra3 $11) 51... Kf6 {[%emt 0:00:00] Against f4} 52. Kxe3 {[%emt 0:00:01] aiming for f4.} Kf5 {[%emt 0:00:01] [#]} ({Black should try} 52... g5 $14) 53. Rf4+ $2 {[%emt 0:00:02] Weighted Error Value: White=0.19 (very precise) /Black=0.28 (precise) .  Loses game:     	---       	Black=1      Missed win:     	White=1     	---        Mistake:       	White=2     	Black=5      Inaccurate:     	White=6     	Black=5      OK:         	White=16    	Black=16     Best:        	White=2     	Black=1      Strong:       	White=1     	---} (53. f4 $1 $18) 1/2-1/2

[Event "CCT Chesscom Classic-D1 2024"]
[Site "Online"]
[Date "2024.05.10"]
[Round "1"]
[White "Sarana, Alexey"]
[Black "Keymer, Vincent"]
[Result "0-1"]
[ECO "E49"]
[WhiteElo "2706"]
[BlackElo "2726"]
[Annotator "RC"]
[PlyCount "146"]
[EventDate "2024.05.08"]
[EventType "k.o."]
[EventCountry "NET"]
[SourceTitle "playchess.com"]
[Source "ChessBase"]
[SourceQuality "1"]
[TimeControl "600+2"]

1. d4 Nf6 2. c4 e6 3. Nc3 Bb4 4. e3 O-O 5. Bd3 d5 6. a3 Bxc3+ 7. bxc3 dxc4 8. Bxc4 c5 9. Ne2 Nc6 10. O-O e5 11. Qc2 Qc7 12. Ba2 Rd8 13. Bb2 Bg4 14. Ng3 Rac8 15. Rac1 Qe7 16. h3 Be6 17. Nf5 Qd7 18. Bxe6 fxe6 19. dxe5 Nxe5 20. c4 Nd3 21. Nh6+ gxh6 22. Bxf6 Nxc1 23. Bxd8 Rxd8 24. Qxc1 b6 25. Qb2 Qg7 26. Qc2 Qe5 27. Qa4 Qc7 28. Qc2 Qe5 29. a4 a5 30. Rb1 Rd6 31. Qe2 h5 32. Qf3 Kg7 33. h4 Kg6 34. Qf8 Qe4 35. Qg8+ Kf6 36. Qf8+ Kg6 37. Qg8+ Kf6 38. Qg5+ Kf7 39. Qxh5+ Ke7 40. Rb2 Kd8 41. Kh2 Kc7 42. Qf7+ Rd7 43. Qf6 Qxc4 44. f3 Qd5 45. e4 Qd4 46. Qf4+ Qd6 47. e5 Qd4 48. Qc1 Qxe5+ 49. Kh3 Rd4 50. Qb1 Qf5+ 51. Qxf5 exf5 52. Ra2 Kc6 53. g4 fxg4+ 54. fxg4 c4 55. Kg3 Kc5 56. g5 c3 57. h5 Rd1 58. g6 hxg6 59. hxg6 Rg1+ 60. Rg2 Rxg2+ 61. Kxg2 c2 62. g7 c1=Q 63. g8=Q Qc2+ 64. Kf3 Qd3+ 65. Kf2 Qd4+ 66. Ke1 Kb4 67. Qe8 Qc3+ 68. Kd1 Ka3 69. Qd7 Qb3+ 70. Kc1 Qc4+ 71. Kb1 Qxa4 72. Qd2 Qb4+ 73. Ka1 Qxd2 0-1

[Event "CCT Chesscom Classic-D1 2024"]
[Site "Online"]
[Date "2024.05.10"]
[Round "1"]
[White "Ivic, Velimir"]
[Black "Carlsen, Magnus"]
[Result "0-1"]
[ECO "B31"]
[WhiteElo "2596"]
[BlackElo "2830"]
[Annotator "TA"]
[PlyCount "124"]
[EventDate "2024.05.08"]
[EventType "k.o."]
[EventCountry "NET"]
[SourceTitle "playchess.com"]
[Source "ChessBase"]
[SourceQuality "1"]
[TimeControl "600+2"]

1. e4 c5 2. Nf3 Nc6 3. Bb5 g6 4. Bxc6 dxc6 5. d3 Qc7 6. a4 {[%emt 0:00:16] B31: Sicilian: 2...Nc6 3 Bb5 g6.} e5 7. a5 Nf6 8. Nbd2 Be6 $146 ({Predecessor:} 8... Nh5 9. Nb3 Be6 10. Be3 Nf4 11. O-O Bxb3 12. cxb3 Ne6 13. Qc1 Be7 14. Qc3 Bd6 {0-1 Vokhidov,S (2586)-Isanzhulov,A (2341) Asian Continental blitz op 20th 2023 (6)}) 9. b3 h6 10. Nc4 Nd7 11. O-O Bg7 12. Kh1 O-O 13. Ng1 b5 14. axb6 axb6 15. Rxa8 Rxa8 16. Bb2 b5 17. Ne3 c4 18. bxc4 bxc4 19. d4 Ra2 20. d5 Bxd5 21. Qb1 Ra5 22. exd5 cxd5 23. Bc3 Rc5 24. Qa2 (24. Bb4 $5 Rb5 $8 25. Qa2 $11) 24... d4 25. Bb4 dxe3 26. Bxc5 Qxc5 27. fxe3 Nf6 28. Qa8+ Kh7 29. Qb7 Kg8 30. Nf3 e4 (30... Ng4 $14) 31. Nd4 $16 Qa3 {[%emt 0:00:02] [#]} 32. Nc6 $1 Qd6 (32... Qxe3 $2 33. Nd8 Kh7 34. Qxf7 $18) 33. Qb8+ (33. h3 $16) 33... Qxb8 $11 34. Nxb8 Nd5 35. Re1 Bc3 36. Re2 f5 37. Nc6 Kf7 38. g3 Ke6 39. Kg2 Kd6 40. Nd4 Bxd4 41. exd4 c3 42. Kf2 Nb4 43. Ke3 Kd5 44. Rf2 $1 Kc4 45. g4 $2 (45. h4 $11) 45... Nd5+ $19 (45... fxg4 $2 {is the wrong capture.} 46. Kxe4 Nd5 47. Rf8 $18) 46. Ke2 f4 ({And not} 46... Kxd4 47. gxf5 gxf5 48. Rxf5 $11) (46... fxg4 $2 47. Rf8 $19) 47. Rf1 g5 48. Ra1 Ne3 ({Weaker is} 48... Kxd4 49. Ra4+ Ke5 50. Ra5 $15) 49. Ra4+ Kd5 50. Ra5+ Kxd4 51. Ra4+ Nc4 52. Ra6 e3 53. Rxh6 $2 (53. Ra4) 53... Ne5 $19 54. h3 f3+ 55. Ke1 Nc4 56. Rf6 Nd2 57. Kd1 Ke4 58. Ke1 f2+ 59. Ke2 f1=Q+ 60. Rxf1 Nxf1 61. Kxf1 Kf3 62. Ke1 e2 0-1